 Dungeon Crawl Stone Soup version 0.28.0-53-g5a82cb258f (webtiles) character file.

Game seed: 3283792743803052930

0 Descartes the Sneak (level 1, -1/10 HPs)
             Began as a Felid Delver on July 4, 2022.
             Slain by an adder (5 damage)
             ... on level 4 of the Dungeon.
             The game lasted 00:00:16 (77 turns).

Descartes the Sneak (Felid Delver)                    Turns: 77, Time: 00:00:16

Health: -1/10      AC:  1    Str:  8    XL:     1   Next: 8%
Magic:  2/2        EV: 17    Int: 11    God:
Gold:   14         SH:  0    Dex: 17    Spells: 0/0 levels left
                                        Lives:  0   Deaths: 0

rFire   . . .      SeeInvis +     - Unarmed
rCold   . . .      Faith    .   (shield unavailable)
rNeg    . . .      Spirit   .   (armour unavailable)
rPois   .          Reflect  .   (helmet unavailable)
rElec   .          Harm     .   (cloak unavailable)
rCorr   .          Rampage  .   (gloves unavailable)
Will    .....                   (boots unavailable)
Stlth   +++.......              (no amulet)
HPRegen 0.03/turn               (no ring)
MPRegen 0.08/turn               (no ring)

@: quick
A: very small, claws 1, fangs 3, see invisible, speed 1, shaggy fur 1, stealthy
paws, no weapons or thrown items, no armour, multi-lived
a: no special abilities


You were on level 4 of the Dungeon.
You visited 1 branch of the dungeon, and saw 2 of its levels.

You collected 14 gold pieces.

Inventory:

Wands
 e - a wand of digging (3)
Scrolls
 a - a scroll of fog
 b - a scroll of magic mapping
 c - a scroll of fear
Potions
 d - a potion of haste


   Skills:
 - Level 3.0 Fighting
 + Level 2.7 Dodging
 * Level 6.6 Stealth
 + Level 2.0 Unarmed Combat


You couldn't memorise any spells.
You didn't know any spells.
Your spell library was empty.

Dungeon Overview and Level Annotations

Branches:
Dungeon (5/15)
 Temple: D:4-7

Altars:


Innate Abilities, Weirdness & Mutations

You have sharp claws.
You have razor-sharp teeth.
You have supernaturally acute eyesight. (SInv)
You cover ground quickly. (Speed+)
You are covered in fur. (AC +1)
Your paws help you pounce on unaware monsters.
You are incapable of wielding weapons or throwing items.
You cannot wear armour.
You gain extra lives every three experience levels.


Message History

The adder is lightly wounded.
You hear the slow rusting of a very distant drain.
The adder misses you.
You barely miss the adder. You bite the adder.
The adder is lightly wounded.
The adder completely misses you. The adder misses you.
You closely miss the adder.
The adder is lightly wounded.
The adder misses you.
You scratch the adder but do no damage.
The adder is lightly wounded.
The adder completely misses you.
You closely miss the adder. Your bite misses the adder.
The adder is lightly wounded.
The adder bites you. x2
* * * LOW HITPOINT WARNING * * *
You are too injured to fight recklessly!
You barely miss the adder.
The adder is lightly wounded.
The adder closely misses you.
You are too injured to fight recklessly!
You are too injured to fight recklessly!
You closely miss the adder. Your bite misses the adder.
The adder is lightly wounded.
The adder misses you.
You scratch the adder.
The adder is lightly wounded.
The adder barely misses you.
You barely miss the adder.
The adder is lightly wounded.
The adder barely misses you. x2
You barely miss the adder.
The adder is lightly wounded.
The adder closely misses you.
A water moccasin skeleton comes into view.
You barely miss the adder.
The adder is lightly wounded.
The adder bites you.
Ouch! That really hurt!
You die...

#.# #.......
##.#########......##
#..................
#..#########..##>.#
.......# #..##..#
######.# #..##..#
#.# ##.#.#..#
#.####.###...#
#.....## ##@.#
#<..##.# #.S.#
#.......#.....$
#.#####Z.##..###
...# #..##..# #####
......... ... .##...
### ###...#


You could see an adder and a water moccasin skeleton (wandering).

Vanquished Creatures
  A ball python (D:4)
1 creature vanquished.

Notes
Turn   | Place    | Note
-------+----------+-------------------------------------------
     0 | D:5      | Descartes the Felid Delver began the quest for the Orb.
     0 | D:5      | Reached XP level 1. HP: 10/10 MP: 2/2
    77 | D:4      | Slain by an adder

Illustrated notes

Levels and vault maps discovered:
D:4:      layout_loops_ring, mainiacjoe_overflow_two_lobes, tso_altar,
          cheibrodos_sewer_entry_bend, serial_shops,
          nicolae_shop_overgrown_old_shop
D:5:      lemuel_castle_with_subvaults [lemuel_castle_interior_carwin_2],
          layout_rooms, grunt_dithmenos_smoke_and_mirrors,
          mainiacjoe_overflow_small_starburst, minmay_temple_entry_hall

Action                   || total
-------------------------++-------
Melee: Unarmed           ||    16
       Bite              ||     1
 Stab: Sleeping          ||     1
Dodge: Dodged            ||    16
